 Dungeon Crawl Stone Soup version 0.20.0-6-gd3061e9 (webtiles) character file.

266 cereshysteria the Ruffian (level 6, 0/59 HPs)
             Began as a Troll Monk on May 28, 2017.
             Slain by a centaur (4 damage)
             ... on level 4 of the Dungeon.
             The game lasted 00:07:29 (3051 turns).

cereshysteria the Ruffian (Troll Monk)              Turns: 3051, Time: 00:07:29

Health: 0/59       AC:  7    Str: 21    XL:     6   Next: 0%
Magic:  5/5        EV: 11    Int:  6    God:
Gold:   257        SH:  0    Dex: 13    Spells: 5/5 levels left

rFire    . . .     SeeInvis .     - Unarmed
rCold    . . .     Gourm    +   (no shield)
rNeg     . . .     Faith    .   a - +2 robe
rPois    .         Spirit   .   (helmet restricted)
rElec    .         Reflect  .   (no cloak)
rCorr    .         Harm     .   (gloves unavailable)
MR       .....                  (boots unavailable)
Stlth    ++........             (no amulet)
Regen    0.6/turn               (no ring)
MPRegen  0.1/turn               (no ring)

@: no status effects
A: unfitting armour, claws 3, fast metabolism 3, gourmand, regeneration 1,
shaggy fur 1, tough skin 2
a: no special abilities


You were on level 4 of the Dungeon.
You were not hungry.

You visited 1 branch of the dungeon, and saw 4 of its levels.

You collected 257 gold pieces.

Inventory:

Armour
 a - a +2 robe (worn)
Wands
 k - a wand of acid (15/15)
Scrolls
 d - 3 scrolls of remove curse
 h - a scroll of recharging
 m - a scroll of identify
Potions
 c - 3 potions of curing
 n - a potion of might {unknown}
Comestibles
 b - a bread ration
 f - a royal jelly


   Skills:
 - Level 2.4 Fighting
 + Level 3.8 Dodging
 - Level 1.0 Stealth
 + Level 5.7 Unarmed Combat


You had 5 spell levels left.
You didn't know any spells.

Dungeon Overview and Level Annotations

Branches:
Dungeon (4/15)
 Temple: D:4-7

Altars:
Nemelex Xobeh
Trog
Vehumet
Yredelemnul


Innate Abilities, Weirdness & Mutations

You are too large for most types of armour.
You have claws for hands.
Your metabolism is lightning-fast.
You like to eat raw meat.
Your natural rate of healing is unusually fast.
You are covered in fur. (AC +1)
You have very tough skin. (AC +2)


Message History

The centaur unwields an uncursed shortbow of flaming.
It stops flaming.
The centaur completely misses you.
You claw the centaur!
The centaur is moderately wounded.
The centaur hits you.
* * * LOW HITPOINT WARNING * * *
You scratch the centaur.
The centaur is heavily wounded.
The centaur barely misses you. The centaur misses you.
You scratch the centaur.
The centaur is severely wounded.
The centaur closely misses you.
You scratch the centaur.
The centaur is severely wounded.
The centaur closely misses you.
You barely miss the centaur.
The centaur is severely wounded.
The centaur hits you but does no damage.
The centaur hits you.
You die...

............#.###.......
c.............#####....
##.##..####.#...........
...#...###....####.....
#.##......##.#### #
#((##...........# ...
##.##.....#######
.....##'##(....#
.......((c@....#
...............#
..............)#
.....###+#####.# #....
#.# ##+# #.# .#


You could see a centaur.

Vanquished Creatures
  A jelly (D:1)
  Natasha (twice) (D:2)
  A worker ant (D:4)
  5 adders
  10 oozes
  5 worms
  A dart slug (D:3)
  3 giant cockroaches
  4 goblins
  7 hobgoblins
  7 jackals
  A kobold (D:3)
  A quokka (D:2)
  7 bats
  A frilled lizard (D:2)
  11 rats
67 creatures vanquished.

Notes
Turn   | Place    | Note
-------+----------+-------------------------------------------
     0 | D:1      | cereshysteria the Troll Monk began the quest for the Orb.
     0 | D:1      | Reached XP level 1. HP: 22/22 MP: 0/0
     1 | D:1      | Found a runed door.
     4 | D:1      | Noticed a jelly
   254 | D:1      | Reached XP level 2. HP: 29/29 MP: 1/1
  1028 | D:1      | Reached skill level 4 in Unarmed Combat
  1028 | D:1      | Reached XP level 3. HP: 20/36 MP: 2/2
  1093 | D:2      | Reached XP level 4. HP: 34/44 MP: 3/3
  1341 | D:2      | Noticed Natasha
  1359 | D:2      | Killed Natasha
  1359 | D:2      | Reached XP level 5. HP: 36/50 MP: 4/4
  1480 | D:2      | Found a radiant altar of Vehumet.
  1554 | D:2      | Noticed Natasha
  1564 | D:2      | Killed Natasha
  1564 | D:2      | Reached skill level 5 in Unarmed Combat
  2097 | D:3      | Found a sparkling altar of Nemelex Xobeh.
  2303 | D:3      | Found a basalt altar of Yredelemnul.
  2305 | D:3      | Found a bloodstained altar of Trog.
  2974 | D:4      | Reached XP level 6. HP: 47/59 MP: 5/5
  3047 | D:4      | HP: 2/59 [centaur (5)]
  3051 | D:4      | Slain by a centaur

Skill      XL: |  1  2  3  4  5 |
---------------+----------------+-----
Dodging        | 3 |  3.8
Unarmed Combat | 4 5 |  5.7
Fighting       | |  2.4
Stealth        | |  1.0

Action                   |  1- 3 |  4- 6 || total
-------------------------+-------+-------++-------
Melee: Unarmed           |    59 |   111 ||   170
       Punch             |     2 |     3 ||     5
  Use: Scroll            |     4 |     7 ||    11
       Potion            |       |     3 ||     3
 Stab: Sleeping          |       |     4 ||     4
  Eat: Chunk             |     6 |     4 ||    10
       Bread ration      |       |     4 ||     4
Armor: Robe              |    20 |    43 ||    63
Dodge: Dodged            |    35 |    65 ||   100
